 Dungeon Crawl Stone Soup version 0.28-a0-983-g1de4e0787c (webtiles) character file.

Game seed: 2165099800036320377

281980 Lavandula the Black Belt (level 20, -8/148 HPs)
             Began as an Octopode Chaos Knight on Dec 3, 2021.
             Was a High Priest of Jiyva.
             Killed from afar by a frost giant (15 damage)
             ... with a bolt of cold
             ... on level 2 of the Vaults.
             The game lasted 02:13:13 (38584 turns).

Lavandula the Black Belt (Octopode Chaos Knight)   Turns: 38584, Time: 02:13:13

Health: -8/148     AC: 15    Str: 16    XL:     20   Next: 6%
Magic:  32/37      EV: 32    Int: 17    God:    Jiyva [*****.]
Gold:   446        SH:  9    Dex: 25    Spells: 11/46 levels left

rFire   + . .      SeeInvis .   N - +7 demon trident (vorpal)
rCold   + + .      Faith    .   D - +3 buckler {rC+}
rNeg    + . .      Spirit   .   y - +2 hat
rPois   +          Reflect  .   K - amulet of the Four Winds {rN+ Will+++ Clar}
rElec   +          Harm     .   q - ring of the Cast Vote {Wiz rC+}
rCorr   +          Rampage  .   r - +4 ring of evasion
Will    +++++      Clarity  +   s - ring of resist corrosion
Stlth   +++++++...              J - +4 ring of protection
HPRegen 1.78/turn               i - ring "Koxkibie" {Fly rElec Str+3 Dex+3 Stlth+}
MPRegen 0.70/turn               O - ring of Xiylar {rPois Dex+6 Slay+2}
                                Q - +4 ring of evasion
                                U - ring of protection from fire

@: ice-armoured, slimy, flying
A: almost no armour, amphibious, 8 rings, camouflage 1, gelatinous body 1,
(nimble swimmer 1), tentacles, fangs 3, tentacle spike 1, iridescent scales 1,
strong-willed 3, robust 1, pseudopods 1, jelly sensing items
}: 3/15 runes: serpentine, barnacled, slimy
a: Renounce Religion, Oozemancy, Slimify


You were on level 2 of the Vaults.
You worshipped Jiyva.
Jiyva was extremely pleased with you.
You visited 7 branches of the dungeon, and saw 38 of its levels.
You also visited: Sewer and Ice Cave.

You collected 2573 gold pieces.
You spent 2127 gold pieces at shops.

Inventory:

Hand Weapons
 a - a +2 spear of chaos
 c - a +1 vampiric demon trident
 H - a +3 spear of venom
 N - a +7 vorpal demon trident (weapon)
Missiles
 C - 9 silver javelins (quivered)
 T - 10 throwing nets
Armour
 y - a +2 hat (worn)
 D - a +3 buckler of cold resistance (worn)
Jewellery
 i - the ring "Koxkibie" (on tentacle) {Fly rElec Str+3 Dex+3 Stlth+}
   (You found it on level 4 of the Shoals)

   [ring of flight]

   Str:       It affects your strength (+3).
   Dex:       It affects your dexterity (+3).
   rElec:     It insulates you from electricity.
   Fly:       It grants you flight.
   Stlth:     It makes you more stealthy.
 p - a ring of positive energy
 q - the ring of the Cast Vote (left tentacle) {Wiz rC+}
   (You bought it in a shop on level 2 of the Orcish Mines)

   [ring of wizardry]

   It improves your spell success rate.
   rC:        It protects you from cold.
 r - a +4 ring of evasion (right tentacle)
 s - a ring of resist corrosion (on tentacle)
 F - an amulet of guardian spirit
 J - a +4 ring of protection (on tentacle)
 K - the amulet of the Four Winds (around mantle) {rN+ Will+++ Clar}
   (You bought it in a shop on level 1 of the Orcish Mines)

   [amulet of nothing]

   rN:        It protects you from negative energy.
   Clar:      It protects you against confusion.
   Will:      It greatly increases your willpower.
 L - a ring of ice
 M - an amulet of the acrobat
 O - the ring of Xiylar (on tentacle) {rPois Dex+6 Slay+2}
   (You took it off an ironbound preserver on level 1 of the Vaults)

   [ring of dexterity]

   Dex:       It affects your dexterity (+6).
   Slay:      It affects your accuracy & damage with ranged weapons and melee
   (+2).
   rPois:     It protects you from poison.
 Q - a +4 ring of evasion (on tentacle)
 U - a ring of protection from fire (on tentacle)
Wands
 d - a wand of digging (7)
 h - a wand of paralysis (17)
 w - a wand of acid (10)
 E - a wand of flame (62)
 W - a wand of iceblast (27)
 Z - a wand of charming (5)
Scrolls
 b - 13 scrolls of teleportation
 e - 3 scrolls of blinking
 f - 8 scrolls of fog
 m - 6 scrolls of identify
 n - 6 scrolls of amnesia
 u - 4 scrolls of silence
 v - 3 scrolls of holy word
 x - 2 scrolls of immolation
 S - a scroll of summoning
 V - a scroll of brand weapon
 X - 5 scrolls of magic mapping
Potions
 g - 5 potions of heal wounds
 j - 2 potions of resistance
 k - 9 potions of mutation
 l - 2 potions of haste
 o - a potion of ambrosia
 t - a potion of magic
 z - 3 potions of curing
 A - 7 potions of flight
 B - 4 potions of brilliance
 R - 3 potions of lignification
 Y - 2 potions of might
Miscellaneous
 G - a piece from Xom's chessboard (15/15)
 I - a condenser vane
 P - a phial of floods


   Skills:
 - Level 11.2 Fighting
 - Level 13.4 Polearms
 + Level 11.8 Dodging
 - Level 9.0 Stealth
 - Level 4.0 Shields
 - Level 18.1 Unarmed Combat
 - Level 13.8 Spellcasting
 - Level 3.5 Summonings
 - Level 7.1 Translocations
 - Level 13.0 Transmutations
 - Level 3.2 Ice Magic
 - Level 5.0 Air Magic
 - Level 5.9 Poison Magic
 - Level 5.3 Evocations


You had 11 spell levels left.
You knew the following spells:

 Your Spells              Type           Power      Damage    Failure   Level
a - Ozocubu's Armour      Ice            22%        N/A       1%          3
b - Olgreb's Toxic Radia  Pois           31%        N/A       1%          4
c - Yara's Violent Unrav  Hex/Tmut       16%        3d8       4%          5
d - Summon Lightning Spi  Summ/Air       26%        N/A       4%          4
e - Passage of Golubria   Tloc           36%        N/A       1%          4
f - Dragon Form           Tmut           27%        N/A       9%          7
g - Blink                 Tloc           72%        N/A       1%          2
h - Eringya's Noxious Bo  Tmut/Pois      22%        N/A       8%          6

Your spell library contained the following spells:

 Spells                   Type           Power      Damage    Failure   Level
 Shock                    Conj/Air       80%        1d8       1%          1
 Sting                    Tmut/Pois      100%       1d8       1%          1
 Call Imp                 Summ           24%        N/A       1%          2
 Corpse Rot               Necr/Air       40%        N/A       1%          2
 Ensorcelled Hibernation  Hex/Ice        34%        N/A       1%          2
 Poisonous Vapours        Pois/Air       60%        N/A       1%          2
 Static Discharge         Conj/Air       20%        N/A       1%          2
 Gell's Gravitas          Tloc           36%        N/A       1%          3
 Swiftness                Air            29%        N/A       1%          3
 Teleport Other           Tloc           36%        N/A       1%          3
 Ice Form                 Ice/Tmut       39%        N/A       1%          4
 Blade Hands              Tmut           27%        N/A       1%          5
 Animate Skeleton         Necr           22%        N/A       2%          1
 Pain                     Necr           44%        1d6       2%          1
 Airstrike                Air            14%        N/A       2%          4
 Irradiate                Conj/Tmut      16%        3d19      4%          5
 Dazzling Flash           Conj/Hex       22%        N/A       7%          3
 Tukima's Dance           Hex            11%        N/A       7%          3
 Vampiric Draining        Necr           11%        2d6       7%          3
 Summon Forest            Summ/Tloc      15%        N/A       8%          5
 Hailstorm                Conj/Ice       17%        3d6       12%         4
 Dispersal                Tloc           18%        N/A       19%         6
 Freezing Cloud           Conj/Ice/Air   10%        6-21      21%         5
 Lightning Bolt           Conj/Air       10%        1d23      22%         5
 Silence                  Hex/Air        10%        N/A       22%         5
 Metabolic Englaciation   Hex/Ice        8%         N/A       32%         5
 Agony                    Necr           11%        N/A       52%         5
 Fireball                 Conj/Fire      5%         3d5       52%         5
 Iskenderun's Battlesphe  Conj           11%        2d7       52%         5
 Conjure Ball Lightning   Conj/Air       10%        3x3d6     73%         6
 Simulacrum               Ice/Necr       8%         N/A       85%         6
 Summon Hydra             Summ           12%        N/A       98%         7
 Orb of Destruction       Conj           5%         9d2       100%        7
 Maxwell's Capacitive Co  Air            14%        ∞         100%        8
 Polar Vortex             Ice            11%        N/A       100%        9


Dungeon Overview and Level Annotations

Branches:
Dungeon (15/15)            Temple (0/1) D:4            Lair (6/6) D:10
 Shoals (4/4) Lair:3        Snake (4/4) Lair:3        Slime (5/5) Lair:6
    Orc (2/2) D:11            Elf (0/3) Orc:2        Vaults (2/5) D:13
 Depths (0/4) D:15          Sewer (visited)           IceCv (visited)
  Crypt: Vaults:2-3

Altars:
Nemelex Xobeh
Sif Muna
Uskayaw
Xom
Yredelemnul
Beogh
Jiyva

Shops:
D:5 [![   D:7 [(   D:10 *   Orc:1 *   Orc:2 =[:(*   Shoals:3 *   Snake:2 *?
Snake:4 :   Vaults:1 *

Annotations:
D:6 1 runed translucent door, Gilette's ghost, novice TrCA
Shoals:1 3 runed translucent doors
Slime:5 Royal Jelly
Vaults:2 Donald


Innate Abilities, Weirdness & Mutations

You cannot wear most types of armour.
You are amphibious.
You can wear up to eight rings at the same time.
Your skin changes colour to match your surroundings (Stealth+).
Your rubbery body absorbs attacks. (AC +1, EV +1)
((You are camouflaged near water. (Stealth+)))
You have tentacles for arms and can constrict up to eight enemies at once.
You have razor-sharp teeth.
One of your tentacles bears a spike.
You are partially covered in iridescent scales. (AC +2)
You are extremely strong-willed. (Will+++)
You are robust. (+10% HP)
Armour fits poorly on your pseudopods.
You have a small jelly attached to you that senses nearby items.


Message History

The frost giant is heavily wounded.
The frost giant points at you and mumbles some strange words.
The bolt of cold hits you! You resist.
Donald mumbles some strange words.
Donald seems to speed up.
Casting: Dragon Form (dangerous; 9% risk of failure)
Confirm with . or Enter, or press ? or * to list all spells.
A film of ice covers your body!
The frost giant hits you with a +1 battleaxe of freezing!!
The frost giant freezes you.
Unknown command.
You puncture the frost giant!
You pierce the frost giant.
Your bite misses the frost giant.
You bludgeon the frost giant, but do no damage.
The frost giant is heavily wounded.
The frost giant hits you with a +1 battleaxe of freezing.
Unknown command.
You barely miss the frost giant.
You pierce the frost giant, but do no damage.
The frost giant is heavily wounded.
Unknown command.
Press: ? - help, v - describe, . - travel
Here: Donald, wielding a +0 demon trident, wearing a +0 crystal plate armour and wearing a +0 kite shield of reflection (fast, strong)
The floor.
A thick mucus forms on your +7 vorpal demon trident.
The frost giant casts a spell at you. The bolt of cold hits you! You resist.
* * * LOW HITPOINT WARNING * * *
The purple very ugly thing gurgles horribly!
Unknown command.
Reach: N) +7 demon trident (vorpal)
Press: ? - help, Dir - move target, f - Donald
Aim: Donald, wielding a +0 demon trident, wearing a +0 crystal plate armour and wearing a +0 kite shield of reflection (fast, strong, about 15% to evade your +7 vorpal demon trident)
You reach to attack!
Donald blocks your attack.
Donald hits you from afar with a +0 demon trident!!
* * * LOW HITPOINT WARNING * * *
The frost giant casts a spell at you. The bolt of cold hits you! You resist.
You die...
Xom giggles madly!

.........#.......#......
.........#.......#p.....
######...#...<...#p.....
#...#.......#......
#...#.......#......
#...#.......#p.....
#...#.......#p.....
#.).#.......#p.....
#.@.#########p.....
#.C[...............
###@............?...†
......................
......................
.......................
.u.....................
.......................
........H.u...........


You could see a frost giant, a purple very ugly thing and Donald (fast, strong).

Vanquished Creatures
  Mara (Snake:4)
  Jorgrun (D:13)
  Rupert (D:13)
  3 sphinxes
  Ilsuiw (Shoals:1)
  14 nagarajas
  An azure jelly (Lair:5)
  Aizul (Snake:2)
  2 orc warlords (Orc:2)
  4 vault wardens
  2 war gargoyles (Vaults:1)
  10 ironbound preservers
  A stone giant (Vaults:1)
  Nessos (Orc:2)
  Azrael (Snake:2)
  An entropy weaver (Lair:1)
  2 minotaurs (Shoals:4)
  A merfolk javelineer (Shoals:3)
  A deep elf death mage (Vaults:1)
  6 merfolk impalers
  3 yaktaur captains
  2 ironbound thunderhulks (Vaults:1)
  A boulder beetle (Vaults:2)
  13 naga warriors
  Fannar (D:11)
  A rakshasa (D:13)
  An ice dragon (D:13)
  5 salamander tyrants
  11 hydras
  A merfolk avatar (Shoals:1)
  A peacekeeper (Vaults:1)
  2 death knights
  13 centaur warriors
  2 alligator snapping turtles
  8 anacondas
  6 vault guards
  2 ogre magi
  10 two-headed ogres
  8 ironbound frosthearts
  11 satyrs
  2 death yaks (Lair:6)
  2 tengu warriors (D:14)
  Urug (D:12)
  2 orc high priests
  8 shock serpents
  12 naga sharpshooters
  2 fire crabs (shapeshifter)
  A fire crab (Lair:2)
  6 skeletal warriors
  2 salamander mystics (Snake:4)
  17 deep trolls
  17 sea snakes
  5 naga ritualists
  5 lindwurms
  A deep elf pyromancer (D:15)
  2 wizards (Vaults:1)
  18 harpies
  8 mana vipers
  5 ironbound convokers
  5 orc knights
  5 orc sorcerers (Orc:2)
  15 ugly things
  12 manticores
  3 cyclopes
  3 wolf spiders
  14 fauns
  16 salamanders
  8 elephants
  5 guardian serpents
  23 black mambas
  6 vault sentinels (Vaults:1)
  2 torpor snails
  3 ice statues (IceCv)
  6 merfolk sirens
  16 naga magi
  A gargoyle (D:13)
  An unseen horror (D:11)
  6 water nymphs
  A kobold demonologist (D:11)
  12 cane toads
  9 rime drakes
  10 yaktaurs
  A freezing wraith (D:15)
  7 komodo dragons
  Psyche (D:11)
  An anaconda simulacrum (IceCv)
  An entropy weaver simulacrum (IceCv)
  21 merfolk
  6 trolls
  6 polar bears
  5 wind drakes
  3 hornets (Lair:6)
  4 snapping turtles
  5 slime creatures
  16 blink frogs
  6 dream sheep
  4 water elementals
  12 spriggans (Lair:6)
  Sigmund (D:4)
  A yak (shapeshifter) (D:15)
  6 wraiths
  2 fire elementals (Snake:2)
  38 yaks
  15 humans (D:13)
  6 vampire mosquitoes (D:12)
  3 wyverns
  A hog (shapeshifter) (D:4)
  9 basilisks
  A golden eye (shapeshifter) (D:7)
  A steam dragon (D:7)
  Menkaure (D:7)
  4 acid dragons
  14 wargs
  A swamp worm (shapeshifter) (D:5)
  Duvessa (D:4)
  5 hell hounds (Snake:2)
  37 nagas
  17 water moccasins
  7 black bears
  45 orc warriors
  An ice beast (D:8)
  A sky beast (D:7)
  10 ogres
  A tengu (shapeshifter) (D:13)
  25 wolves
  4 centaurs
  9 boggarts
  2 phantoms (D:5)
  4 kobold brigands
  13 bullfrogs
  2 cane toad simulacra (IceCv)
  9 gnoll sergeants (D:11)
  Dowan (D:4)
  An elephant simulacrum (IceCv)
  19 killer bees
  4 wights (D:7)
  15 howler monkeys
  A nameless horror (Orc:2)
  3 electric eels
  4 centaur zombies
  9 hounds
  7 jellies
  19 orc priests
  8 gnoll shamans
  Jessica (D:3)
  Terence (D:2)
  An iguana (D:6)
  24 orc wizards
  A polar bear simulacrum (IceCv)
  A wolf simulacrum (IceCv)
  2 hound skeletons
  10 gnolls
  22 adders
  A shadow imp (D:5)
  A white imp (D:6)
  2 ufetubi
  An adder skeleton (D:4)
  2 worms
  2 dart slugs (D:1)
  72 orcs
  13 ball pythons
  4 bats
  17 endoplasms
  14 giant cockroaches
  5 goblins
  10 hobgoblins
  4 jackals (D:1)
  4 kobolds
  11 quokkas
  6 frilled lizards
  5 rats
1179 creatures vanquished.

Vanquished Creatures (collateral kills)
  Snorg (D:10)
  Josephine (D:10)
  A sea snake (Shoals:1)
  A merfolk siren (Shoals:1)
  A kobold demonologist (D:11)
  4 merfolk (Shoals:1)
  A troll (D:11)
  A shadow (D:10)
  3 wraiths (D:10)
  5 yaks (D:10)
  3 wyverns (D:10)
  2 water moccasins (D:10)
  A black bear (D:10)
  An orc warrior (D:8)
  A wolf (D:10)
  A killer bee (D:8)
  A jelly (Orc:2)
  3 wights (D:7)
  2 howler monkeys (D:9)
  3 orc priests
  An iguana (D:10)
  3 orc wizards
  6 orcs
47 creatures vanquished.

Vanquished Creatures (others)
  A great orb of eyes (Vaults:2)
  An anaconda (Snake:4)
  A dancing weapon (Shoals:1)
  A wizard (Vaults:1)
  2 ironbound convokers
  A mana viper (Snake:4)
  4 salamanders (Snake:4)
  A wolf spider (D:15)
  A black mamba (Snake:4)
  2 naga magi
  3 yaktaurs
  21 slime creatures
  A dream sheep (Shoals:2)
  A warg (Orc:2)
  6 nagas
  3 orc warriors (Orc:2)
  154 jellies
  An orc priest (Orc:2)
  3 orc wizards (Orc:2)
  11 orcs
  A giant cockroach (Sewer)
  43 fungi
  150 plants
413 creatures vanquished.

Grand Total: 1639 creatures vanquished

Notes
Turn   | Place    | Note
-------+----------+-------------------------------------------
     0 | D:1      | Lavandula the Octopode Chaos Knight began the quest for the
                  | Orb.
     0 | D:1      | Reached XP level 1. HP: 16/16 MP: 1/1
   110 | D:1      | Reached XP level 2. HP: 21/21 MP: 2/2
   152 | D:1      | Found a faded altar of an unknown god.
   388 | D:1      | Reached XP level 3. HP: 26/26 MP: 3/3
   441 | D:1      | XOM: cloud trail
   861 | D:1      | XOM: cloud trail
   865 | D:1      | XOM: give mutation
   865 | D:1      | Gained mutation: Your body sometimes deteriorates upon
                  | taking damage. [Xom's mischief]
  1046 | D:2      | XOM: 5-stop teleportation journey
  1102 | D:2      | Reached XP level 4. HP: 31/31 MP: 4/4
  1182 | D:2      | Reached skill level 5 in Polearms
  1650 | D:2      | Found a hide-covered altar of Uskayaw.
  1677 | D:2      | Noticed Terence
  1690 | D:2      | Killed Terence
  1699 | D:2      | XOM: torment (17/31 hp)
  2017 | D:3      | Reached XP level 5. HP: 36/36 MP: 5/5
  2145 | D:3      | XOM: 1-stop teleportation journey
  2184 | D:3      | Noticed Jessica
  2199 | D:3      | Killed Jessica
  2241 | D:3      | XOM: 6-stop teleportation journey
  2338 | D:3      | XOM: silly message
  2772 | D:4      | Found a staircase to the Ecumenical Temple.
  2807 | D:4      | XOM: chaos cloud
  2935 | D:4      | Reached XP level 6. HP: 35/42 MP: 6/6
  3336 | D:4      | XOM: give mutations
  3336 | D:4      | Gained mutation: Potions are less effective at restoring
                  | your health. [Xom's mischief]
  3336 | D:4      | Lost mutation: Potions are less effective at restoring your
                  | health. [Xom's mischief]
  3437 | D:4      | XOM: smoke on damage
  3728 | D:4      | XOM: summons 3 hostile demons
  3729 | D:4      | Noticed a chaos spawn
  3729 | D:4      | Noticed a rust devil
  3752 | D:4      | Lost mutation: Your body sometimes deteriorates upon taking
                  | damage. [potion of mutation]
  3752 | D:4      | Gained mutation: You tend to lose your temper in combat.
                  | [potion of mutation]
  3752 | D:4      | Gained mutation: Your muscles are strong. (Str +2) [potion
                  | of mutation]
  3947 | D:4      | Noticed Duvessa
  3950 | D:4      | Noticed Dowan
  3964 | D:4      | Killed Duvessa
  3965 | D:4      | Reached XP level 7. HP: 19/46 MP: 7/7
  3969 | D:4      | Killed Dowan
  4107 | D:4      | Noticed a shapeshifter
  4107 | D:4      | a goblin changed into a shapeshifter
  4107 | D:4      | Noticed a cane toad
  4107 | D:4      | a shapeshifter changed into a cane toad
  4115 | D:4      | Noticed a hog
  4115 | D:4      | a cane toad changed into a hog
  4123 | D:4      | Killed a hog
  4373 | D:4      | XOM: silly message
  4589 | D:4      | Noticed Sigmund
  4594 | D:4      | XOM: noise
  4596 | D:4      | XOM: potion effect (brilliance)
  4598 | D:4      | XOM: divination: detect items
  4599 | D:4      | Killed Sigmund
  4600 | D:4      | Reached XP level 8. HP: 45/52 MP: 8/8
  4646 | D:4      | XOM: divination: magic mapping
  4648 | D:4      | XOM: cloud trail
  4729 | D:5      | Entered Level 5 of the Dungeon
  4766 | D:5      | XOM: silly message
  4806 | D:5      | XOM: silly message
  4890 | D:5      | Found Hifoim's Antique Armour Boutique.
  4893 | D:5      | Found Tuptan's Armour Emporium.
  4893 | D:5      | Found Sehoghai's Distillery.
  4903 | D:5      | Reached skill level 10 in Polearms
  4985 | D:5      | Bought a potion of curing for 42 gold pieces
  5421 | D:5      | XOM: silly message
  5451 | D:5      | XOM: silly message
  5593 | D:5      | XOM: cloud trail
  5613 | D:5      | Noticed a glowing shapeshifter
  5613 | D:5      | a hound changed into a glowing shapeshifter
  5613 | D:5      | Noticed a shining eye
  5613 | D:5      | a glowing shapeshifter changed into a shining eye
  5614 | D:5      | a shining eye changed into a swamp worm
  5833 | D:6      | Reached XP level 9. HP: 48/56 MP: 9/9
  5850 | D:6      | Found a runed translucent door.
  5850 | D:6      | Noticed Gilette's ghost (novice TrCA)
  5985 | D:6      | XOM: confuse monster(s)
  6059 | D:6      | Found a glowing drain.
  6076 | Sewer    | Entered a sewer
  6400 | Sewer    | Learned a level 2 spell: Poisonous Vapours
  6415 | D:6      | XOM: potion effect (might)
  6453 | D:6      | XOM: cloud trail
  6482 | D:6      | XOM: silly message
  6581 | D:6      | XOM: give mutations
  6581 | D:6      | Gained mutation: You are dopey. (Int -2) [Xom's mischief]
  6581 | D:6      | Lost mutation: You are dopey. (Int -2) [Xom's mischief]
  6633 | D:5      | Bought a glowing hat for 217 gold pieces
  6636 | D:5      | XOM: noise
  6967 | D:7      | Noticed a two-headed ogre
  6982 | D:7      | XOM: summons friendly iron imp
  6990 | D:7      | XOM: cleaving
  7038 | D:7      | XOM: summons 2 friendly demons
  7039 | D:7      | Reached skill level 5 in Dodging
  7128 | D:7      | XOM: give mutation
  7128 | D:7      | Gained mutation: You are agile. (Dex +2) [Xom's grace]
  7155 | D:7      | XOM: 4-stop teleportation journey
  7196 | D:7      | XOM: summons 1 hostile shadow creature
  7280 | D:7      | XOM: summons friendly quasit
  7338 | D:7      | XOM: enchant monster (good)
  7340 | D:7      | XOM: summons friendly quasit
  7440 | D:7      | Found Matoucyu's Antique Armour Boutique.
  7443 | D:7      | Noticed Menkaure
  7447 | D:7      | XOM: god gift: 60 gold pieces
  7459 | D:7      | Killed Menkaure
  7490 | D:7      | Found a transporter.
  7523 | D:7      | XOM: cast spell 'Monstrous Menagerie'
  7534 | D:7      | Found a transporter.
  7576 | D:7      | HP: 1/56 [orc (15)]
  7993 | D:7      | Found Luijyg's Weapon Shoppe.
  8014 | D:7      | Reached XP level 10. HP: 31/63 MP: 10/10
  8217 | D:7      | XOM: divination: magic mapping
  8228 | D:7      | Noticed a shock serpent
  8228 | D:7      | a two-headed ogre changed into a shock serpent
  8228 | D:7      | XOM: polymorph two-headed ogre -> shock serpent
  8286 | D:8      | XOM: god gift: 18 arrows
  8587 | D:8      | XOM: summons 10 friendly demons
  8751 | D:8      | XOM: enchant monster (good)
  8755 | D:8      | Reached skill level 5 in Fighting
  9472 | D:9      | XOM: scenery: create altars
  9580 | D:9      | Noticed a manticore
  9591 | D:9      | XOM: summons 10 friendly demons
  9593 | D:9      | Killed a manticore
  9636 | D:9      | XOM: scenery: create altars
  9724 | D:9      | XOM: 3-stop teleportation journey
  9813 | D:9      | XOM: cloud trail
  9891 | D:9      | XOM: enchant monster (good)
 10223 | D:9      | XOM: summons 3 friendly demons
 10244 | D:9      | XOM: potion effect (brilliance)
 10397 | D:9      | Learned a level 4 spell: Olgreb's Toxic Radiance
 10451 | D:9      | Reached skill level 1 in Poison Magic
 10515 | D:9      | XOM: 1-stop teleportation journey
 10768 | D:9      | Noticed a two-headed ogre
 10778 | D:9      | XOM: fog
 10784 | D:9      | XOM: enchant monster (good)
 10795 | D:9      | Killed a two-headed ogre
 10796 | D:9      | Reached skill level 5 in Poison Magic
 10796 | D:9      | Reached XP level 11. HP: 55/77 MP: 5/11
 10850 | D:9      | XOM: god gift: potion of heal wounds
 11042 | D:9      | XOM: give mutations
 11042 | D:9      | Gained mutation: You are very agile. (Dex +4) [Xom's grace]
 11042 | D:9      | Gained mutation: You are partially covered in iridescent
                  | scales. (AC +2) [Xom's grace]
 11042 | D:9      | Gained mutation: Your flesh is heat resistant. (rF+) [Xom's
                  | grace]
 11088 | D:9      | XOM: cloud trail
 11106 | D:9      | XOM: give mutation
 11106 | D:9      | Gained mutation: You expend magic power (3 MP) to
                  | strengthen your wands. [Xom's grace]
 11151 | D:9      | XOM: give mutations
 11151 | D:9      | Gained mutation: You are mostly covered in iridescent
                  | scales. (AC +4) [Xom's grace]
 11151 | D:9      | Gained mutation: One of your tentacles bears a spike.
                  | [Xom's grace]
 11151 | D:9      | Gained mutation: You have an increased reservoir of magic.
                  | (+10% MP) [Xom's grace]
 11151 | D:9      | Gained mutation: One of your tentacles bears a nasty spike.
                  | [Xom's grace]
 11417 | D:7      | Reached skill level 1 in Spellcasting
 11455 | D:7      | Bought a +3 spear of venom for 247 gold pieces
 11589 | D:2      | XOM: scenery: summon butterflies
 11741 | D:10     | Entered Level 10 of the Dungeon
 11741 | D:10     | Noticed Josephine
 11741 | D:10     | Found Zoefiask's General Store.
 11822 | D:10     | Reached skill level 1 in Stealth
 11835 | D:10     | XOM: fake destruction
 11836 | D:10     | XOM: enchant monster (good)
 11838 | D:10     | XOM: summons 5 friendly demons
 11855 | D:10     | Reached skill level 5 in Stealth
 11920 | D:10     | Noticed Snorg
 11942 | D:10     | XOM: cast spell 'Summon Dragon'
 12044 | D:10     | Killed Josephine
 12070 | D:10     | Found a staircase to the Lair.
 12153 | D:10     | Killed Snorg
 12337 | D:10     | XOM: 1-stop teleportation journey
 12360 | D:10     | XOM: god gift: 20 arrows
 12443 | D:10     | Found a basalt altar of Yredelemnul.
 12443 | D:10     | Found a shimmering blue altar of Sif Muna.
 12485 | D:10     | XOM: enchant monster (good)
 12526 | D:10     | XOM: smoke on damage
 12527 | D:10     | XOM: give mutations
 12527 | D:10     | Lost mutation: You tend to lose your temper in combat.
                  | [Xom's mischief]
 12527 | D:10     | Gained mutation: Your body sometimes deteriorates upon
                  | taking damage. [Xom's mischief]
 13095 | D:11     | Reached skill level 10 in Fighting
 13245 | D:11     | Found a staircase to the Orcish Mines.
 13253 | D:11     | XOM: polymorph warg -> rime drake
 13273 | D:11     | XOM: 1-stop teleportation journey
 13274 | D:11     | XOM: divination: detect creatures
 13281 | D:11     | Reached XP level 12. HP: 88/88 MP: 15/17
 13291 | D:11     | XOM: noise
 13299 | D:11     | Noticed a two-headed ogre
 13300 | D:11     | Noticed Psyche
 13309 | D:11     | Killed a two-headed ogre
 13311 | D:11     | Killed Psyche
 13317 | D:11     | XOM: cleaving
 13343 | D:11     | Noticed a two-headed ogre
 13347 | D:11     | XOM: divination: detect creatures
 13357 | D:11     | XOM: enchant monster (bad)
 13375 | D:11     | Noticed a two-headed ogre
 13747 | D:11     | XOM: stat loss: -1 Dex (19/20)
 13763 | D:11     | XOM: enchant monster (good)
 13769 | D:11     | Reached skill level 1 in Evocations
 13789 | D:11     | XOM: cast spell 'Statue Form'
 13797 | D:11     | Killed a two-headed ogre
 13922 | D:11     | XOM: noise
 13952 | D:11     | XOM: cleaving
 13979 | D:11     | Noticed a two-headed ogre
 13985 | D:11     | XOM: summons friendly iron imp
 13999 | D:11     | Killed a two-headed ogre
 14009 | D:11     | Reached skill level 5 in Evocations
 14149 | D:11     | Learned a level 5 spell: Yara's Violent Unravelling
 14151 | D:11     | Noticed Fannar
 14161 | D:11     | Killed Fannar
 14191 | D:11     | XOM: god gift: green potion {god gift}
 14303 | D:11     | Noticed a two-headed ogre
 14305 | D:11     | XOM: summons 7 hostile demons
 14314 | D:11     | XOM: summons 3 friendly demons
 14346 | D:11     | XOM: confuse monster(s)
 14349 | D:11     | Killed a two-headed ogre
 14632 | D:11     | XOM: summons friendly crimson imp
 14642 | D:11     | XOM: noise
 14695 | D:11     | Reached skill level 5 in Transmutations
 14732 | D:11     | XOM: polymorph crimson imp -> white imp
 14822 | D:11     | XOM: swap monsters
 14843 | D:11     | XOM: noise
 14858 | D:11     | XOM: polymorph shadow imp -> crimson imp
 14860 | D:11     | XOM: cast spell 'Summon Horrible Things'
 14917 | D:11     | Noticed an ogre mage
 14932 | D:11     | Killed an ogre mage
 14980 | D:11     | XOM: summons 7 hostile demons
 15174 | D:11     | Killed a two-headed ogre
 15175 | D:11     | Reached skill level 2 in Unarmed Combat
 15248 | D:11     | XOM: noise
 15356 | D:12     | Noticed a two-headed ogre
 15370 | D:12     | a two-headed ogre changed into a wolf spider
 15370 | D:12     | XOM: polymorph two-headed ogre -> wolf spider
 15374 | D:12     | XOM: chaos cloud
 15379 | D:12     | Reached skill level 3 in Unarmed Combat
 15616 | D:12     | Noticed Urug
 15623 | D:12     | XOM: give mutations
 15623 | D:12     | Lost mutation: You are very agile. (Dex +4) [Xom's
                  | mischief]
 15623 | D:12     | Gained mutation: You are dopey. (Int -2) [Xom's mischief]
 15623 | D:12     | Lost mutation: One of your tentacles bears a nasty spike.
                  | [Xom's mischief]
 15623 | D:12     | Lost mutation: One of your tentacles bears a spike. [Xom's
                  | mischief]
 15628 | D:12     | Killed Urug
 15629 | D:12     | Reached XP level 13. HP: 59/95 MP: 17/19
 15679 | D:12     | XOM: draining
 15825 | D:12     | XOM: draining
 16094 | D:12     | XOM: summons 7 hostile demons
 16104 | D:12     | XOM: torment (32/75 hp)
 16264 | D:11     | XOM: 2-stop teleportation journey
 17045 | D:13     | Noticed Rupert
 17045 | D:13     | Found a gate to the Vaults.
 17046 | D:13     | Paralysed by Rupert for 5 turns
 17108 | D:13     | XOM: 3-stop teleportation journey
 17150 | D:13     | XOM: scenery: 1 doors close
 17180 | D:13     | XOM: divination: magic mapping
 17241 | D:13     | XOM: noise
 17344 | D:13     | XOM: fog
 17352 | D:13     | Found a frozen archway.
 17352 | D:13     | Noticed an ice dragon
 17363 | D:13     | Killed an ice dragon
 17370 | D:13     | XOM: 5-stop teleportation journey
 17383 | D:13     | XOM: enchant monster (good)
 17385 | D:13     | XOM: cast spell 'Shadow Creatures'
 17388 | D:13     | XOM: fake destruction
 17395 | D:13     | XOM: polymorph polar bear -> shapeshifter
 17412 | IceCv    | Entered an ice cave
 17476 | IceCv    | Reached skill level 1 in Shields
 17489 | IceCv    | XOM: enchant monster (good)
 17586 | IceCv    | XOM: destruction
 17608 | IceCv    | XOM: cleaving
 17760 | IceCv    | XOM: noise
 18021 | IceCv    | XOM: 3-stop teleportation journey
 18127 | IceCv    | XOM: give mutation
 18127 | IceCv    | Lost mutation: Your muscles are strong. (Str +2) [Xom's
                  | mischief]
 18156 | D:13     | XOM: summons friendly shadow imp
 18176 | D:13     | Reached skill level 5 in Spellcasting
 18253 | D:13     | XOM: summons 2 friendly demons
 18270 | D:13     | Noticed a rakshasa
 18282 | D:13     | XOM: confuse monster(s)
 18347 | Lair:1   | Entered Level 1 of the Lair of Beasts
 18388 | Lair:1   | XOM: 1-stop teleportation journey
 18523 | Lair:1   | XOM: divination: detect creatures
 18699 | Lair:1   | XOM: confusion (+ monsters)
 18727 | Lair:1   | Found the +4 skin of Zhor {*Englaciate rC+++ SInv}
 18802 | Lair:1   | XOM: summons friendly crimson imp
 18804 | Lair:1   | XOM: cleaving
 18805 | Lair:1   | XOM: cast spell 'Metabolic Englaciation'
 18971 | Lair:1   | XOM: polymorph adder -> endoplasm
 19019 | Lair:1   | XOM: potion effect (haste)
 19021 | Lair:1   | XOM: silly message
 19022 | Lair:1   | XOM: give mutations
 19022 | Lair:1   | Lost mutation: You are agile. (Dex +2) [Xom's mischief]
 19022 | Lair:1   | Lost mutation: Your flesh is heat resistant. (rF+) [Xom's
                  | mischief]
 19189 | Lair:1   | XOM: give mutations
 19189 | Lair:1   | Gained mutation: You sometimes lose the ability to read
                  | scrolls when taking damage. [Xom's mischief]
 19189 | Lair:1   | Gained mutation: You are clumsy. (Dex -2) [Xom's mischief]
 19198 | Lair:1   | Noticed an entropy weaver
 19198 | Lair:1   | a five-headed hydra changed into an entropy weaver
 19198 | Lair:1   | XOM: polymorph five-headed hydra -> entropy weaver
 19206 | Lair:1   | XOM: smoke on damage
 19208 | Lair:1   | Killed an entropy weaver
 19403 | Lair:1   | Reached XP level 14. HP: 90/101 MP: 23/28
 19412 | Lair:1   | Learned a level 4 spell: Summon Lightning Spire
 19828 | Lair:2   | Reached skill level 1 in Summonings
 19983 | Lair:2   | XOM: give mutation
 19983 | Lair:2   | Gained mutation: You are frail. (-10% HP) [Xom's mischief]
 20176 | Lair:2   | XOM: scenery: 1 doors open
 20288 | Lair:2   | Learned a level 4 spell: Passage of Golubria
 20312 | Lair:2   | Reached skill level 1 in Translocations
 20321 | Lair:2   | XOM: silly message
 20516 | Lair:2   | XOM is BORED!
 20516 | Lair:2   | XOM: polymorph yak -> fire crab
 20630 | Lair:3   | XOM: silly message
 20694 | Lair:3   | XOM: summons friendly quasit
 20720 | Lair:3   | XOM: cleaving
 20730 | Lair:3   | Reached skill level 5 in Translocations
 20852 | Lair:3   | XOM: potion effect (might)
 20898 | Lair:3   | XOM: 4-stop teleportation journey
 21046 | Lair:3   | XOM: god gift: chain mail {god gift}
 21131 | Lair:3   | Found a staircase to the Snake Pit.
 21140 | Lair:3   | XOM: 3-stop teleportation journey
 21174 | Lair:3   | Found a staircase to the Shoals.
 21836 | Lair:4   | XOM: 1-stop teleportation journey
 21860 | Lair:4   | XOM: summons friendly ufetubus
 21892 | Lair:4   | XOM: noise
 22834 | Lair:5   | XOM: give mutations
 22834 | Lair:5   | Lost mutation: You are clumsy. (Dex -2) [Xom's mischief]
 22834 | Lair:5   | Gained mutation: You are very dopey. (Int -4) [Xom's
                  | mischief]
 22885 | Lair:5   | XOM: cast spell 'Statue Form'
 22887 | Lair:5   | XOM: enchant monster (bad)
 22888 | Lair:5   | XOM: polymorph elephant -> snapping turtle
 22890 | Lair:5   | XOM: summons friendly shadow imp
 22901 | Lair:5   | XOM: confusion (+ monsters)
 22925 | Lair:5   | Learned a level 7 spell: Dragon Form
 22979 | Lair:5   | XOM: divination: detect items
 23447 | Lair:5   | XOM: 1-stop teleportation journey
 23559 | Lair:5   | Noticed an azure jelly
 23571 | Lair:5   | Killed an azure jelly
 23572 | Lair:5   | XOM: chaos cloud
 23604 | Lair:6   | Entered Level 6 of the Lair of Beasts
 23657 | Lair:5   | XOM: silly message
 23917 | Lair:6   | XOM: divination: magic mapping
 23927 | Lair:6   | Reached XP level 15. HP: 96/96 MP: 29/29
 23963 | Lair:6   | Reached skill level 10 in Transmutations
 24012 | Lair:6   | XOM: fake destruction
 24154 | Lair:6   | XOM: cast spell 'Metabolic Englaciation'
 24166 | Lair:6   | XOM: summons friendly crimson imp
 24213 | Lair:6   | XOM: 1-stop teleportation journey
 24770 | Lair:6   | Found a staircase to the Slime Pits.
 24774 | Lair:6   | XOM: destruction
 24796 | Lair:6   | XOM: 1-stop teleportation journey
 24944 | Lair:6   | XOM: torment (60/96 hp)
 25074 | Lair:6   | XOM: silly message
 25076 | Slime:1  | XOM: noise
 25076 | Slime:1  | Entered Level 1 of the Pits of Slime
 25081 | Slime:1  | Noticed a rockslime
 25086 | Slime:2  | Noticed an acid blob
 25128 | Slime:5  | Entered Level 5 of the Pits of Slime
 25140 | Slime:5  | Noticed an acid blob
 25140 | Slime:5  | Noticed an azure jelly
 25150 | Slime:5  | XOM: destruction
 25152 | Slime:5  | Noticed an azure jelly
 25152 | Slime:5  | Noticed an acid blob
 25152 | Slime:5  | Noticed the Royal Jelly
 25153 | Slime:5  | Found a viscous altar of Jiyva.
 25153 | Slime:5  | Noticed an acid blob
 25153 | Slime:5  | Noticed an azure jelly
 25154 | Slime:5  | Noticed an azure jelly
 25154 | Slime:5  | XOM: silly message
 25154 | Slime:5  | Noticed an azure jelly
 25156 | Slime:5  | Found the +3 sling "Punk" {acid, rCorr}
 25157 | Slime:5  | Fell from the grace of Xom
 25157 | Slime:5  | Became a worshipper of Jiyva Jukahupn the Shapeless
 25157 | Slime:5  | Noticed an acid blob
 25229 | Slime:2  | Noticed an azure jelly
 26129 | Orc:1    | Entered Level 1 of the Orcish Mines
 26256 | D:11     | XOM: give mutations
 26256 | D:11     | Lost mutation: You are frail. (-10% HP) [Xom's mischief]
 26256 | D:11     | Lost mutation: You have an increased reservoir of magic.
                  | (+10% MP) [Xom's mischief]
 26600 | Orc:1    | Reached * piety under Jiyva
 26603 | Orc:1    | Found Voyxzuj's General Store.
 26611 | Orc:1    | Bought a potion of magic for 104 gold pieces
 26614 | Orc:1    | Bought the amulet of the Four Winds {rN+ Will+++ Clar} for
                  | 570 gold pieces
 26614 | Orc:1    | Found the amulet of the Four Winds {rN+ Will+++ Clar}
 26679 | Orc:2    | Entered Level 2 of the Orcish Mines
 26783 | Orc:2    | Noticed an orc warlord
 26805 | Orc:2    | Killed an orc warlord
 26841 | Orc:2    | Found Lim Xeak's Jewellery Shop.
 26846 | Orc:2    | Found Sigiug's Antique Armour Shop.
 26882 | Orc:2    | Found Naagexat's General Store.
 26972 | Orc:2    | Noticed Nessos
 26986 | Orc:2    | Killed Nessos
 26987 | Orc:2    | Reached skill level 5 in Air Magic
 27046 | Orc:2    | Noticed an orc warlord
 27083 | Orc:2    | Paralysed by an orc sorcerer for 6 turns
 27138 | Orc:1    | XOM: noise
 27155 | Orc:2    | Reached ** piety under Jiyva
 27216 | Orc:2    | Found Varyz's Antique Weapon Shop.
 27263 | Orc:2    | Found Akimnut's Book Emporium.
 27269 | Orc:2    | Bought Cyawkot's Early Guide to Wizardry for 252 gold
                  | pieces
 27272 | Orc:2    | Learned a level 2 spell: Blink
 27367 | Orc:2    | Found a staircase to the Elven Halls.
 27490 | Orc:2    | Killed an orc warlord
 27549 | Orc:2    | Learned a level 3 spell: Ozocubu's Armour
 27699 | Shoals:1 | Entered Level 1 of the Shoals
 27699 | Shoals:1 | Reached *** piety under Jiyva
 27705 | Shoals:1 | Reached skill level 1 in Ice Magic
 27848 | Shoals:1 | Reached skill level 4 in Unarmed Combat
 27891 | Shoals:1 | Noticed a frost giant
 27891 | Shoals:1 | Noticed a frost giant
 27900 | Shoals:1 | Found a runed translucent gate.
 27900 | Shoals:1 | Found a runed translucent gate.
 27900 | Shoals:1 | Found a runed translucent gate.
 27909 | Shoals:1 | XOM: 1-stop teleportation journey
 27924 | Shoals:1 | Reached XP level 16. HP: 94/112 MP: 27/27
 27932 | Shoals:1 | Reached skill level 5 in Unarmed Combat
 27976 | Shoals:1 | Lost mutation: Your body sometimes deteriorates upon taking
                  | damage. [Jiyva's grace]
 27976 | Shoals:1 | Lost mutation: You are very dopey. (Int -4) [Jiyva's grace]
 27976 | Shoals:1 | Lost mutation: You sometimes lose the ability to read
                  | scrolls when taking damage. [Jiyva's grace]
 27976 | Shoals:1 | Lost mutation: You expend magic power (3 MP) to strengthen
                  | your wands. [Jiyva's grace]
 27976 | Shoals:1 | Gained mutation: You have hidden genetic potential.
                  | [Jiyva's grace]
 27976 | Shoals:1 | Gained mutation: You have great hidden genetic potential.
                  | [Jiyva's grace]
 27976 | Shoals:1 | Lost mutation: You are dopey. (Int -2) [Jiyva's grace]
 27976 | Shoals:1 | Gained mutation: Your mind is acute. (Int +2) [Jiyva's
                  | grace]
 28063 | Shoals:1 | Reached **** piety under Jiyva
 28107 | Shoals:2 | Reached skill level 6 in Unarmed Combat
 28108 | Shoals:2 | Noticed Ilsuiw
 28249 | Shoals:1 | XOM: noise
 28270 | Shoals:1 | Killed Ilsuiw
 28271 | Shoals:1 | Reached skill level 7 in Unarmed Combat
 28347 | Shoals:2 | XOM: noise
 28598 | Shoals:2 | Reached skill level 8 in Unarmed Combat
 28815 | Shoals:3 | Reached skill level 9 in Unarmed Combat
 28831 | Shoals:3 | Found Iratuf's Assorted Antiques.
 28878 | Shoals:3 | Bought a scroll labelled YNYAGEPATAO for 31 gold pieces
 28906 | Shoals:3 | Reached ***** piety under Jiyva
 28913 | Shoals:3 | XOM: enchant monster (bad)
 29277 | Shoals:4 | Entered Level 4 of the Shoals
 29359 | Shoals:4 | Reached skill level 10 in Dodging
 29359 | Shoals:4 | Lost mutation: You have great hidden genetic potential.
                  | [Jiyva's grace]
 29359 | Shoals:4 | Gained mutation: Armour fits poorly on your pseudopods.
                  | [Jiyva's grace]
 29359 | Shoals:4 | Gained mutation: Armour fits poorly on your large
                  | pseudopods. [Jiyva's grace]
 29359 | Shoals:4 | Gained mutation: Armour fits poorly on your massive
                  | pseudopods. [Jiyva's grace]
 29359 | Shoals:4 | Gained mutation: You are covered in slimy tendrils that may
                  | disarm your opponents. [Jiyva's grace]
 29569 | Shoals:4 | Reached skill level 10 in Unarmed Combat
 29625 | Shoals:4 | Reached XP level 17. HP: 117/117 MP: 28/28
 29640 | Shoals:4 | Reached skill level 11 in Unarmed Combat
 29646 | Shoals:4 | Gained mutation: You are agile. (Dex +2) [hidden potential]
 29685 | Shoals:4 | Noticed Bai Suzhen
 29893 | Shoals:4 | Noticed a sphinx
 29908 | Shoals:4 | Noticed a sphinx
 29927 | Shoals:4 | Killed a sphinx
 29930 | Shoals:4 | Killed a sphinx
 29931 | Shoals:4 | Reached skill level 12 in Unarmed Combat
 29964 | Shoals:4 | Slimified Bai Suzhen
 29964 | Shoals:4 | Noticed Bai Suzhen
 29964 | Shoals:4 | Bai Suzhen changed into Bai Suzhen the azure jelly
 30001 | Shoals:4 | Got a barnacled rune of Zot
 30003 | Shoals:4 | Identified the ring "Koxkibie" {Fly rElec Str+3 Dex+3
                  | Stlth+}
 30205 | Snake:1  | XOM: noise
 30205 | Snake:1  | Entered Level 1 of the Snake Pit
 30886 | Snake:1  | Found Huovolox's Antique Armour Emporium.
 31063 | Snake:2  | Noticed Azrael
 31076 | Snake:2  | Killed Azrael
 31103 | Snake:2  | Reached skill level 10 in Spellcasting
 31290 | Snake:2  | Found Fecytost's General Store.
 31292 | Snake:2  | Found Gotyits's Magic Scroll Boutique.
 31300 | Snake:2  | Bought 2 scrolls of teleportation for 120 gold pieces
 31300 | Snake:2  | Bought a scroll of teleportation for 60 gold pieces
 31300 | Snake:2  | Noticed Aizul
 31307 | Snake:2  | Killed Aizul
 31520 | Snake:2  | Lost mutation: Armour fits poorly on your massive
                  | pseudopods. [Jiyva's grace]
 31520 | Snake:2  | Lost mutation: You have hidden genetic potential. [Jiyva's
                  | grace]
 31520 | Snake:2  | Gained mutation: You are strong-willed. (Will+) [Jiyva's
                  | grace]
 31520 | Snake:2  | Gained mutation: You are highly strong-willed. (Will++)
                  | [Jiyva's grace]
 31520 | Snake:2  | Gained mutation: You are extremely strong-willed. (Will+++)
                  | [Jiyva's grace]
 31520 | Snake:2  | Gained mutation: You are robust. (+10% HP) [Jiyva's grace]
 31826 | Snake:2  | XOM: summons 2 hostile shadow creatures
 32010 | Snake:2  | XOM: torment (72/128 hp)
 32490 | Snake:3  | Learned a level 6 spell: Eringya's Noxious Bog
 32549 | Snake:3  | Reached XP level 18. HP: 136/136 MP: 28/34
 32647 | Snake:3  | Reached ****** piety under Jiyva
 33040 | Snake:4  | Entered Level 4 of the Snake Pit
 33208 | Snake:4  | XOM: give mutations
 33208 | Snake:4  | Lost mutation: You are mostly covered in iridescent scales.
                  | (AC +4) [Xom's mischief]
 33208 | Snake:4  | Lost mutation: You are agile. (Dex +2) [Xom's mischief]
 33208 | Snake:4  | Lost mutation: You are covered in slimy tendrils that may
                  | disarm your opponents. [Xom's mischief]
 33208 | Snake:4  | Gained mutation: You are clumsy. (Dex -2) [Xom's mischief]
 33210 | Snake:4  | Noticed Mara
 33224 | Snake:4  | Killed Mara
 33247 | Snake:4  | Found Hotevaq's Self-Improvement Boutique.
 33656 | Snake:4  | Reached skill level 13 in Unarmed Combat
 34217 | Snake:4  | Got a serpentine rune of Zot
 34538 | Slime:5  | Identified the +0 leather armour of the Northern Lights
                  | {-Cast rN+ rCorr Dex+3}
 34563 | Slime:5  | Got a slimy rune of Zot
 34812 | D:12     | Reached skill level 14 in Unarmed Combat
 34827 | D:13     | Killed Rupert
 34998 | D:13     | Noticed Jorgrun
 35001 | D:13     | Killed Jorgrun
 35041 | D:13     | Gained mutation: One of your tentacles bears a spike.
                  | [Jiyva's grace]
 35041 | D:13     | Gained mutation: One of your tentacles bears a nasty spike.
                  | [Jiyva's grace]
 35041 | D:13     | Gained mutation: One of your tentacles bears a large
                  | vicious spike. [Jiyva's grace]
 35041 | D:13     | Gained mutation: Armour fits poorly on your massive
                  | pseudopods. [Jiyva's grace]
 35418 | D:14     | Found a sparkling altar of Nemelex Xobeh.
 35569 | D:14     | Reached skill level 15 in Unarmed Combat
 35685 | D:14     | Reached XP level 19. HP: 141/141 MP: 34/36
 35815 | D:15     | Entered Level 15 of the Dungeon
 35914 | D:15     | Found a staircase to the Depths.
 36532 | Orc:2    | Bought the ring of the Cast Vote {Wiz rC+} for 484 gold
                  | pieces
 36609 | Vaults:1 | Entered Level 1 of the Vaults
 36687 | Vaults:1 | Identified the ring of Xiylar {rPois Dex+6 Slay+2}
 36706 | Vaults:1 | Reached skill level 16 in Unarmed Combat
 36861 | Vaults:1 | XOM: swap monsters
 36959 | Vaults:1 | XOM: stat loss: -3 Str (12/15)
 36990 | Vaults:1 | Reached skill level 17 in Unarmed Combat
 37188 | Vaults:1 | Noticed a tentacled monstrosity
 37469 | Vaults:1 | Lost mutation: One of your tentacles bears a large vicious
                  | spike. [Jiyva's grace]
 37469 | Vaults:1 | Lost mutation: One of your tentacles bears a nasty spike.
                  | [Jiyva's grace]
 37469 | Vaults:1 | Lost mutation: Your mind is acute. (Int +2) [Jiyva's grace]
 37469 | Vaults:1 | Lost mutation: You are clumsy. (Dex -2) [Jiyva's grace]
 37469 | Vaults:1 | Lost mutation: Armour fits poorly on your massive
                  | pseudopods. [Jiyva's grace]
 37469 | Vaults:1 | Lost mutation: Armour fits poorly on your large pseudopods.
                  | [Jiyva's grace]
 37469 | Vaults:1 | Gained mutation: You have a small jelly attached to you
                  | that senses nearby items. [Jiyva's grace]
 37469 | Vaults:1 | Gained mutation: You have very sharp teeth. [Jiyva's grace]
 37469 | Vaults:1 | Gained mutation: You have extremely sharp teeth. [Jiyva's
                  | grace]
 37469 | Vaults:1 | Gained mutation: You have razor-sharp teeth. [Jiyva's
                  | grace]
 37724 | Vaults:1 | Found Funukkab's Assorted Antiques.
 37768 | Vaults:1 | XOM: polymorph white ugly thing -> brown ugly thing
 37835 | Vaults:1 | Identified the +6 mace of the Singing Visionary {antimagic,
                  | rElec}
 38032 | Vaults:2 | Reached skill level 18 in Unarmed Combat
 38441 | Vaults:2 | Reached XP level 20. HP: 127/148 MP: 37/37
 38575 | Vaults:2 | Noticed Donald
 38584 | Vaults:2 | HP: 7/148 [Donald (35)]
 38584 | Vaults:2 | Killed from afar by a frost giant

Illustrated notes

Levels and vault maps discovered:
D:1:      kennysheep_arrival_seaside, layout_basic, basic_ecumenical_altar,
          hex_tiny
D:2:      layout_basic, basic_altar, uniq_terence
D:3:      layout_loops_ring, uniq_jessica
D:4:      layout_loops_corners, minmay_temple_entry_enclosed_plants,
          uniq_duvessa, uniq_sigmund
D:5:      layout_loops_ring, nicolae_wooded_promenade
D:6:      layout_rooms, cheibrodos_sewer_entry_drain, ebering_ghost_inner_flame
D:7:      gammafunk_beogh_shrine, layout_gridville, serial_shops,
          nicolae_shop_bloodbath_and_beyond, nicolae_shop_statue_plus,
          uniq_menkaure
D:8:      layout_basic, serial_curves, eino_curves_03, eino_curves_02,
          minmay_misc_feat_enclosed
D:9:      layout_long_grid, hellmonk_bongcloud_opening, eino_jars
D:10:     layout_loops_ring, mainiacjoe_overflow_divided_tiny,
          minmay_lair_entry_grove, kennysheep_doodads, nicolae_stop_n_shop_2,
          grunt_ministairs_14, uniq_josephine, uniq_snorg
D:11:     lemuel_castle_with_subvaults [lemuel_castle_interior_carwin_1],
          layout_stronghold, minmay_orc_entry_guard_dogs, uniq_psyche,
          uniq_fannar
D:12:     layout_irregular_city, blue_anna_alchemist, uniq_urug
D:13:     layout_roguey, david_vaults_3,
          portal_ice_cave_entry_animals_and_master, minivault_20, uniq_rupert,
          uniq_jorgrun
D:14:     layout_loops_cross, nemelex_spade_bored_becter
D:15:     hangedman_depths_entry_try_elsewhere_first, layout_loops_cross
Lair:1:   minmay_lair_venomous_thicket, layout_long_grid,
          hellmonk_guarded_unrand_zhor, grunt_megastairs_5
Lair:2:   layout_chaotic_city, grunt_forest_small_clearing_treed
Lair:3:   layout_cave_shapes, minmay_shoals_entry_lonely_mermaid,
          guppyfry_snake_entry_garden
Lair:4:   layout_cave_pods, grunt_megastairs_4
Lair:5:   layout_gridlike, st_stairs_12, nicolae_lair_time_for_slime
Lair:6:   minmay_lair_end_enchanted_forest, layout_cellular_growth,
          minmay_slime_entry_pillars, serial_bayou_crossing
Shoals:1: layout_shoals, nicolae_shoals_beach_cooler
Shoals:2: layout_shoals, nicolae_shoals_arrival_archipelago, uniq_ilsuiw
Shoals:3: layout_shoals, serial_shops, shop
Shoals:4: shoals_end_hellmonk_lost_city, serial_shops, uniq_bai_suzhen
Snake:1:  layout_gridlike, serial_bayou_shore_a, minmay_shop_star
Snake:2:  layout_chambers, nicolae_snake_snakewalk, minmay_shoptagon,
          uniq_azrael, uniq_aizul
Snake:3:  layout_onion_interference
Snake:4:  grunt_snake_rune_spirals, layout_onion, nicolae_shop_self_help,
          uniq_mara
Slime:1:  layout_caves
Slime:2:  layout_caves
Slime:3:  layout_caves
Slime:4:  cheibrodos_slime_lost_civilization_9, layout_caves,
          cheibrodos_slime_lost_civilization_4
Slime:5
Orc:1:    layout_caves, serial_shops, nicolae_diamond_shop, mines_bat_river
Orc:2:    grunt_orc_cross, layout_diamond_mine, serial_shops, shop, uniq_nessos
Vaults:1: nicolae_vaults_lopsided_apartments, ontoclasm_vaults_ligature,
          nicolae_vaults_little_squares_2, nicolae_vaults_specimen_jars,
          nicolae_vaults_network_periphery, nicolae_vaults_yaktaur_gun_rack,
          hangedman_vaults_pinch, hangedman_vaults_corner,
          dpeg_vaults_monster_box, hangedman_vaults_slice,
          layout_vaults_omnicross, serial_shops, nicolae_shop_overgrown_old_shop
Vaults:2: vaults_mumra_lcd, vaults_mumra_chevron, vaults_mumra_hex,
          v_alt_pattern_5, nicolae_vaults_hallways_thing,
          nicolae_vaults_shelves_hall, nicolae_vaults_triangles,
          nicolae_vaults_little_squares_6, hangedman_vaults_trim, v_misc_12,
          layout_vaults_big_room, uniq_donald

Skill      XL: |  1  2  3  4  5  6  7  8  9 10 11 12 13 14 15 16 17 18 19 |
---------------+----------------------------------------------------------+-----
Polearms       | 4 5 6 7 9 11 12 13 | 13.4
Dodging        | 7 10 11 | 11.8
Fighting       | 8 10 11 | 11.2
Poison Magic   | 5 |  5.9
Spellcasting   | 2 3 7 12 13 | 13.8
Stealth        | 9 |  9.0
Evocations     | 5 |  5.3
Transmutations | 6 9 13 | 13.0
Unarmed Combat | 3 4 10 12 15 18 | 18.1
Shields        | 4 |  4.0
Summonings     | 3 |  3.5
Translocations | 7 |  7.1
Air Magic      | 5 |  5.0
Ice Magic      | 3 |  3.2

Action                   |  1- 3 |  4- 6 |  7- 9 | 10-12 | 13-15 | 16-18 | 19-21 || total
-------------------------+-------+-------+-------+-------+-------+-------+-------++-------
Melee: Spear             |    77 |   128 |   366 |   682 |       |       |       ||  1253
       Constrict         |    12 |    19 |    62 |    69 |   117 |    60 |    26 ||   365
       Tentacles         |    11 |    25 |    68 |   157 |   235 |   121 |    35 ||   652
       Kick              |       |       |       |   176 |       |     8 |    58 ||   242
       Demon trident     |       |       |       |       |  1151 |   461 |   127 ||  1739
       Punch             |       |       |       |       |    34 |    93 |    60 ||   187
       Unarmed           |       |       |       |       |       |   519 |   186 ||   705
       Bite              |       |       |       |       |       |    91 |    32 ||   123
       Pseudopods        |       |       |       |       |       |    65 |    39 ||   104
       Tailslap          |       |       |       |       |       |    95 |    33 ||   128
Throw: Dart              |       |    14 |    17 |    25 |       |       |       ||    56
       Javelin           |       |       |       |       |     8 |       |       ||     8
 Cast: Poisonous Vapours |       |       |     9 |    16 |       |       |       ||    25
       Olgreb's Toxic Ra |       |       |       |    23 |    83 |     9 |     1 ||   116
       Yara's Violent Un |       |       |       |     1 |       |       |       ||     1
       Summon Lightning  |       |       |       |       |     5 |     4 |       ||     9
       Passage of Golubr |       |       |       |       |     3 |       |       ||     3
       Ozocubu's Armour  |       |       |       |       |     1 |     2 |     4 ||     7
       Dragon Form       |       |       |       |       |       |    41 |    16 ||    57
       Blink             |       |       |       |       |       |     1 |     1 ||     2
       Eringya's Noxious |       |       |       |       |       |    11 |       ||    11
Invok: Oozemancy         |       |       |       |       |       |     3 |     5 ||     8
       Slimify           |       |       |       |       |       |     1 |     1 ||     2
 Abil: Breathe Fire      |       |       |       |       |       |     3 |     2 ||     5
       End Transformatio |       |       |       |       |       |     1 |     4 ||     5
Evoke: Wand              |       |       |       |     5 |     4 |     2 |       ||    11
       Piece from Xom's  |       |       |       |     2 |     2 |     2 |       ||     6
       Condenser vane    |       |       |       |     2 |     2 |     2 |       ||     6
  Use: Scroll            |       |     5 |     5 |     7 |    18 |     6 |     3 ||    44
       Potion            |       |     1 |     3 |       |     9 |     3 |     6 ||    22
 Stab: Sleeping          |     8 |    16 |    19 |     6 |    30 |    23 |     9 ||   111
       Paralysed         |       |       |     2 |    12 |    10 |       |       ||    24
       Confused          |       |       |     4 |     2 |     3 |       |       ||     9
       Petrified         |       |       |     1 |       |       |       |       ||     1
       Distracted        |       |       |       |     5 |    13 |     6 |     3 ||    27
Armor: Skin              |     3 |     4 |     6 |    51 |   184 |   172 |    90 ||   510
Dodge: Dodged            |    25 |    51 |    92 |   345 |   726 |   760 |   296 ||  2295
Block: Buckler           |       |       |       |       |   324 |   144 |    56 ||   524

Table legend: (Time is in decaauts)
 A = Elapsed time spent in this place.
 B = Non-inter-level travel time spent in this place.
 C = Inter-level travel time spent in this place.
 D = Time resting spent in this place.
 E = Time spent auto-exploring this place.
 F = Levels seen in this place.
 G = Mean time per level.
                   A        B        C        D        E       F      G
               +--------+--------+--------+--------+--------+-----+--------+
         Total |  37296 |  34464 |   2832 |   3941 |  20949 |  40 |  932.4 |
       Dungeon |  18846 |  17312 |   1534 |   1977 |  11589 |  15 | 1256.4 |
          Lair |   7689 |   7069 |    620 |    843 |   5026 |   6 | 1281.5 |
        Shoals |   2269 |   2168 |    101 |    345 |     24 |   4 |  567.2 |
     Snake Pit |   4081 |   3879 |    202 |    126 |   2691 |   4 | 1020.2 |
    Slime Pits |    334 |    163 |    171 |      0 |      0 |   5 |   66.8 |
  Orcish Mines |   1282 |   1120 |    162 |     35 |    494 |   2 |  641.0 |
        Vaults |   1814 |   1775 |     39 |    195 |    924 |   2 |  907.0 |
         Sewer |    289 |    289 |      0 |      0 |    129 |   1 |  289.0 |
      Ice Cave |    689 |    689 |      0 |    419 |     72 |   1 |  689.0 |
               +--------+--------+--------+--------+--------+-----+--------+

Top non-repeatable levels by time:
    D:11: 3148 daAuts
  Lair:6: 2056 daAuts
     D:4: 1976 daAuts
     D:9: 1748 daAuts
  Lair:1: 1493 daAuts
 Snake:2: 1420 daAuts
     D:7: 1333 daAuts
    D:12: 1297 daAuts
Vaults:1: 1268 daAuts
  Lair:4: 1255 daAuts
     D:8: 1241 daAuts
 Snake:4: 1223 daAuts
     D:5: 1154 daAuts
     D:2: 1095 daAuts
  Lair:3: 1081 daAuts
